 Dungeon Crawl Stone Soup version 0.21-a0-258-g4c0eb85 (webtiles) character file.

2690 Gagarin the Fighter (level 9, -4/82 HPs)
             Began as a Hill Orc Fighter on Sept 6, 2017.
             Was a Believer of Beogh.
             Killed from afar by an electric eel (13 damage)
             ... with a bolt of electricity
             ... on level 8 of the Dungeon.
             The game lasted 00:26:57 (6195 turns).

Gagarin the Fighter (Hill Orc Fighter)              Turns: 6195, Time: 00:26:58

Health: -4/82      AC: 10    Str: 22    XL:     9   Next: 64%
Magic:  9/9        EV:  8    Int: 10    God:    Beogh [**....]
Gold:   366        SH: 15    Dex: 10    Spells: 8/8 levels left

rFire    . . .     SeeInvis .   m - +1 morningstar
rCold    . . .     Gourm    .   C - +4 shield of Supsud {rCorr Int+2}
rNeg     . . .     Faith    .   b - +0 scale mail
rPois    .         Spirit   .   c - +0 helmet
rElec    .         Reflect  .   (no cloak)
rCorr    +         Harm     .   (no gloves)
MR       .....                  H - +0 pair of boots
Stlth    ..........             y - amulet of regeneration
HPRegen  0.63/turn              (no ring)
MPRegen  0.11/turn              (no ring)

@: about to teleport
A: no striking features
a: Smiting, Renounce Religion


You were on level 8 of the Dungeon.
You worshipped Beogh.
Beogh was pleased with you.
You were not hungry.

You visited 1 branch of the dungeon, and saw 8 of its levels.

You collected 366 gold pieces.

Inventory:

Hand Weapons
 a - a +0 flail
 m - a +1 morningstar (weapon)
Armour
 b - a +0 scale mail (worn)
 c - a +0 helmet (worn)
 s - a -1 scale mail
 C - the +4 shield of Supsud (worn) {rCorr Int+2}
   (You found it on level 5 of the Dungeon)

   It affects your intelligence (+2).
   It protects you from acid and corrosion.
 H - a +0 pair of boots (worn)
Jewellery
 k - an uncursed amulet of guardian spirit
 y - an amulet of regeneration (around neck)
 B - an uncursed amulet of the gourmand
 G - an uncursed amulet of magic regeneration
Wands
 d - a wand of polymorph (0/24)
 t - a wand of scattershot (0/9)
 F - a wand of random effects (12/48)
Scrolls
 h - a scroll of teleportation
 l - 6 scrolls of identify
 p - a scroll of remove curse
 q - 2 scrolls of enchant armour
 x - 2 scrolls of magic mapping
 A - a scroll of amnesia {unknown}
 D - a scroll of immolation {unknown}
Potions
 e - 2 potions of cancellation {unknown}
 g - 4 potions of curing {unknown}
 j - a potion of invisibility {unknown}
 n - 2 potions of brilliance {unknown}
 o - 3 potions of lignification {unknown}
 r - a potion of mutation {unknown}
 u - 2 potions of magic {unknown}
 v - a potion of haste {unknown}
Comestibles
 f - 7 bread rations
 i - 3 meat rations
 w - 2 fruits
 E - 2 royal jellies


   Skills:
 + Level 8.6 Fighting
 + Level 7.2 Maces & Flails
 + Level 7.9 Armour
 + Level 7.7 Shields


You had 8 spell levels left.
You didn't know any spells.

Dungeon Overview and Level Annotations

Branches:
Dungeon (8/15)             Temple (0/1) D:6
   Lair: D:8-11

Altars:
Ashenzari
Hepliaklqana
Kikubaaqudgha
Nemelex Xobeh
Ru
Uskayaw
Xom
Yredelemnul
The Shining One

Annotations:
D:5 Sigmund
D:6 p0werm0de's ghost, novice DgWn


Message History

The electric eel shoots out a bolt of lightning at you!
The bolt of electricity hits the plant.
The bolt of electricity hits you!
The electric eel shoots out a bolt of lightning at you!
The bolt of electricity hits you!
The bolt of electricity hits the plant. x2
The electric eel shoots out a bolt of lightning at you!
The bolt of electricity hits the plant.
The bolt of electricity hits you!
The electric eel shoots out a bolt of lightning at you!
The bolt of electricity hits the plant.
The bolt of electricity hits you!
The electric eel shoots out a bolt of lightning at you!
The bolt of electricity hits the plant.
The bolt of electricity hits you!
* * * LOW HITPOINT WARNING * * *
The electric eel shoots out a bolt of lightning at you!
The bolt of electricity hits the plant.
The bolt of electricity hits you!
* * * LOW HITPOINT WARNING * * *
Okay, then.
As you read the scroll of teleportation, it crumbles to dust.
You feel strangely unstable.
The electric eel shoots out a bolt of lightning at you!
The bolt of electricity hits the plant.
The bolt of electricity hits you!
You die...

.# #.# #........# #########
#####.# #......### ....P.#
#......### ..♣...# #........#
.....P# ######...######♣♣♣
.♣.♣..♣## #...≈P≈≈≈P≈≈♣♣♣
..≈≈♣..P# #...≈≈P≈≈≈≈≈PP♣♣♣
♣♣≈≈♣≈..# #....≈P≈≈P≈P≈≈≈≈♣
♣≈♣≈≈≈♣.# ####..@.≈≈≈≈≈≈≈≈≈≈≈P♣
.♣≈≈≈♣♣P###........≈≈≈P;≈≈≈≈P≈♣
..≈≈≈≈≈.....###...P≈≈≈≈≈≈≈≈≈≈≈♣
P..≈≈...###.# #...≈PPP≈≈≈≈≈≈≈≈♣
#P♣.P..P...{###..≈≈≈≈P≈≈≈≈≈≈≈♣♣
#.♣.....###.......≈≈≈≈≈≈≈≈≈≈♣♣
#..PP.....#.##...≈≈P≈P≈≈≈≈≈≈♣
#.###PP##.#5##...P≈≈≈≈≈≈
#..##.###.#.##...######


You could see an electric eel.

Vanquished Creatures
  A two-headed ogre (D:7)
  Psyche (D:8)
  A water moccasin (D:7)
  An orc warrior (D:8)
  A black bear (D:7)
  3 ogres
  2 centaurs
  2 bullfrogs
  An electric eel (D:8)
  A howler monkey (D:4)
  2 crimson imps
  A bullfrog zombie (D:5)
  2 hounds
  3 bullfrog skeletons (D:4)
  2 orc priests (D:7)
  2 iguanas
  5 orc wizards
  Ijyb (D:3)
  5 worker ants
  A hound zombie (D:8)
  2 hound skeletons
  3 gnolls (D:4)
  6 adders
  2 worms
  2 dart slugs
  3 leopard geckos
  10 orcs
  2 ball pythons
  7 bats
  6 giant cockroaches
  10 goblins
  5 hobgoblins
  3 jackals
  3 quokkas
  5 frilled lizards
  5 kobolds
  2 quokka zombies
  6 rats
120 creatures vanquished.

Vanquished Creatures (others)
  A leopard gecko (D:3)
  A hobgoblin (D:3)
  A butterfly (D:8)
  3 plants (D:8)
6 creatures vanquished.

Grand Total: 126 creatures vanquished

Notes
Turn   | Place    | Note
-------+----------+-------------------------------------------
     0 | D:1      | Gagarin the Hill Orc Fighter began the quest for the Orb.
     0 | D:1      | Reached XP level 1. HP: 19/19 MP: 1/1
   111 | D:1      | Reached XP level 2. HP: 16/27 MP: 2/2
   370 | D:1      | Reached XP level 3. HP: 22/33 MP: 3/3
   518 | D:1      | Reached skill level 4 in Fighting
  1445 | D:2      | Found a sacrificial altar of Ru.
  1554 | D:3      | Noticed Ijyb
  1588 | D:3      | Killed Ijyb
  1588 | D:3      | Reached XP level 4. HP: 41/41 MP: 4/4
  1620 | D:3      | Became a worshipper of Beogh the Brigand
  1904 | D:3      | Reached XP level 5. HP: 42/47 MP: 5/5
  2119 | D:3      | Found an ancient bone altar of Kikubaaqudgha.
  2242 | D:3      | Found a sparkling altar of Nemelex Xobeh.
  2364 | D:3      | Found a glowing golden altar of the Shining One.
  2576 | D:4      | Reached skill level 5 in Fighting
  2760 | D:4      | Reached XP level 6. HP: 55/56 MP: 6/6
  2855 | D:4      | Reached * piety under Beogh
  3034 | D:4      | Reached skill level 5 in Armour
  3349 | D:4      | Reached skill level 5 in Shields
  3349 | D:4      | Reached XP level 7. HP: 53/61 MP: 2/7
  3566 | D:4      | Found a hazy altar of Hepliaklqana.
  3608 | D:5      | Entered Level 5 of the Dungeon
  3624 | D:5      | Found a shattered altar of Ashenzari.
  3778 | D:5      | Got a bloodstained shield
  3848 | D:5      | Reached skill level 6 in Fighting
  4052 | D:5      | Noticed Sigmund
  4315 | D:5      | Found a sparkling altar of Nemelex Xobeh.
  4417 | D:6      | Identified the +4 shield of Supsud {rCorr Int+2} (You found it on level 5 of the Dungeon)
  4439 | D:6      | Found a staircase to the Ecumenical Temple.
  4455 | D:6      | Reached skill level 5 in Maces & Flails
  4485 | D:6      | Noticed p0werm0de's ghost (novice DgWn)
  4524 | D:7      | Reached XP level 8. HP: 23/71 MP: 4/8
  4939 | D:7      | Noticed a two-headed ogre
  4959 | D:7      | Killed a two-headed ogre
  4959 | D:7      | Reached skill level 7 in Fighting
  4959 | D:7      | Reached XP level 9. HP: 54/81 MP: 5/9
  5073 | D:7      | Reached ** piety under Beogh
  5156 | D:7      | Reached skill level 8 in Fighting
  5302 | D:7      | Found a basalt altar of Yredelemnul.
  5302 | D:7      | Found a hide-covered altar of Uskayaw.
  5544 | D:8      | Found a shimmering altar of Xom.
  5628 | D:8      | Noticed Psyche
  5906 | D:8      | Killed Psyche
  6195 | D:8      | Killed from afar by an electric eel

Vault maps used:
D:1:      dpeg_arrival_radiant, minmay_small_reverse_x
D:2:      nicolae_overflow_hidden_temple, nicolae_ru_the_path_less_chosen
D:3:      nicolae_tso_swordbearing_angel, kiku_gazebo_pond_becter,
          nemelex_spade_bored_becter, uniq_ijyb
D:4:      kennysheep_mini, first_bread
D:5:      cheibrodos_ashenzari_chains, kennysheep_little_box, uniq_sigmund
D:6:      tgw_sif, minmay_temple_entry_mist
D:7:      gammafunk_temple_overflow_statue
D:8:      overflow_temple_1_default, lemuel_doored_altar, xom_butterflies,
          serial_bayou, serial_bayou_pond_a, serial_bayou_pond_a,
          serial_bayou_ford_a, serial_bayou_shore_a, uniq_psyche

Skill      XL: |  1  2  3  4  5  6  7  8  9 |
---------------+----------------------------+-----
Fighting       | 4 5 6 7 8 |  8.6
Maces & Flails | 3 4 5 6 7 |  7.2
Shields        | 4 5 7 |  7.7
Armour         | 4 5 6 7 |  7.9

Action                   |  1- 3 |  4- 6 |  7- 9 || total
-------------------------+-------+-------+-------++-------
Melee: Flail             |   182 |   182 |   227 ||   591
       Morningstar       |       |       |    25 ||    25
Invok: Convert to Beogh  |       |     1 |       ||     1
Evoke: Wand              |       |     1 |     3 ||     4
  Use: Potion            |     2 |     1 |     2 ||     5
       Scroll            |       |     5 |     6 ||    11
  Eat: Chunk             |     2 |     6 |     7 ||    15
       Bread ration      |       |       |     1 ||     1
Armor: Scale mail        |   119 |    80 |    99 ||   298
Dodge: Dodged            |   117 |    91 |    78 ||   286
Block: Shield            |    14 |     3 |   178 ||   195
       Buckler           |       |    27 |       ||    27

Table legend:
 A = Spawn XP
 B = Non-spawn XP
 C = Spawn XP percentage of total XP
 D = Spawn monster count
 E = Non-spawn monster count
 F = Spawn count percentage of total count
 G = Total turns spent on level
                    A         B        C        D         E        F      G
               +---------+---------+-------+---------+---------+-------+---------
         Total |       0 |    3844 |   0.0 |       0 |     120 |   0.0 |  6195
               +---------+---------+-------+---------+---------+-------+---------
           D:1 |       0 |      41 |   0.0 |       0 |      23 |   0.0 |   675
           D:2 |       0 |      34 |   0.0 |       0 |      11 |   0.0 |   848
           D:3 |       0 |     138 |   0.0 |       0 |      30 |   0.0 |   948
           D:4 |       0 |     490 |   0.0 |       0 |      15 |   0.0 |  1193
           D:5 |       0 |     272 |   0.0 |       0 |       7 |   0.0 |   698
           D:6 |       0 |     162 |   0.0 |       0 |       4 |   0.0 |   150
           D:7 |       0 |    1727 |   0.0 |       0 |      21 |   0.0 |  1138
           D:8 |       0 |     980 |   0.0 |       0 |       9 |   0.0 |   545
               +---------+---------+-------+---------+---------+-------+---------
